% Time on Ice - UTAH ICE BEARS
Lines # - Real PCT - Wanted PCT - Time Play
Normal Forward
1 - 31% - 32% - 17:25
2 - 34% - 30% - 18:59
3 - 12% - 24% - 6:56
4 - 23% - 14% - 12:59
Normal Defense
1 - 31% - 28% - 17:29
2 - 31% - 27% - 17:41
3 - 25% - 24% - 14:20
4 - 12% - 21% - 6:49
PP Forward
1 - 46% - 55% - 0:55
2 - 54% - 45% - 1:04
PP Defense
1 - 47% - 53% - 0:56
2 - 53% - 47% - 1:03
PK Forward
1 - 53% - 55% - 0:54
2 - 47% - 45% - 0:48
PK Defense
1 - 86% - 55% - 1:28
2 - 14% - 45% - 0:14
PK3 Forward
1 - 0% - 55%
2 - 0% - 45%
PK3 Defense
1 - 0% - 55%
2 - 0% - 45%
44 Forward
1 - 0% - 50%
2 - 0% - 50%
44 Defense
1 - 0% - 55%
2 - 0% - 45%
Last Minute Offensive  - 0:00
Last Minute Defensive  - 0:00
Total
Forward - 60:00
Defense - 60:00
% Time on Ice - OAKLAND GORILLAS
Lines # - Real PCT - Wanted PCT - Time Play
Normal Forward
1 - 34% - 36% - 19:10
2 - 29% - 31% - 16:16
3 - 25% - 23% - 13:49
4 - 13% - 10% - 7:04
Normal Defense
1 - 35% - 36% - 19:31
2 - 33% - 31% - 18:20
3 - 27% - 23% - 15:04
4 - 6% - 10% - 3:24
PP Forward
1 - 49% - 55% - 0:50
2 - 51% - 45% - 0:52
PP Defense
1 - 51% - 55% - 0:52
2 - 49% - 45% - 0:50
PK Forward
1 - 66% - 55% - 1:18
2 - 34% - 45% - 0:41
PK Defense
1 - 61% - 55% - 1:13
2 - 39% - 45% - 0:46
PK3 Forward
1 - 0% - 55%
2 - 0% - 45%
PK3 Defense
1 - 0% - 55%
2 - 0% - 45%
44 Forward
1 - 0% - 55%
2 - 0% - 45%
44 Defense
1 - 0% - 55%
2 - 0% - 45%
Last Minute Offensive  - 0:00
Last Minute Defensive  - 0:00
Total
Forward - 60:00
Defense - 60:00
Play-by-Play 1st period 0:01 of 1st period - Sam Reinhart wins face-off versus Dominic Toninato in neutral zone. 0:03 of 1st period - Off-side. 0:04 of 1st period - Cedric Paquette wins face-off versus Alex Galchenyuk in neutral zone. 0:07 of 1st period - Shot by Ryan Dzingel. 0:07 of 1st period - Stopped by Mitch Gillam without a rebound. 0:08 of 1st period - Dominic Toninato wins face-off versus Ivan Barbashev in UTAH ICE BEARS zone. 0:54 of 1st period - Icing by MacKenzie Weegar. 0:55 of 1st period - Cedric Paquette wins face-off versus Dominic Toninato in UTAH ICE BEARS zone. 1:14 of 1st period - Shot by Jimmy Vesey. 1:14 of 1st period - Deflect By Ryan Dzingel. 1:14 of 1st period - Shot Misses the Net. 1:22 of 1st period - Shot by Ryan Dzingel. 1:22 of 1st period - Shot Blocked by MacKenzie Weegar. 1:24 of 1st period - Shot by Samuel Girard. 1:24 of 1st period - Shot Blocked by Andrew Mangiapane. 1:26 of 1st period - Shot by Jimmy Vesey. 1:26 of 1st period - Goal by Jimmy Vesey - UTAH ICE BEARS : 0 - OAKLAND GORILLAS : 1. 1:27 of 1st period - Nico Hischier wins face-off versus Alex Galchenyuk in neutral zone. 1:39 of 1st period - Shot by Sam Reinhart. 1:39 of 1st period - Shot Misses the Net. 1:41 of 1st period - Shot by Brady Tkachuk. 1:41 of 1st period - Shot Misses the Net. 1:43 of 1st period - Shot by Nico Hischier. 1:43 of 1st period - Shot Blocked by Tim Heed. 1:57 of 1st period - Shot by Brady Tkachuk. 1:57 of 1st period - Shot Misses the Net. 1:59 of 1st period - Shot by Nico Hischier. 1:59 of 1st period - Shot Misses the Net. 2:35 of 1st period - Shot by Wayne Simmonds. 2:35 of 1st period - Shot Blocked by Tim Heed. 2:37 of 1st period - Shot by Filip Hronek. 2:37 of 1st period - Shot Misses the Net. 2:39 of 1st period - Shot by Brandon Dubinsky. 2:39 of 1st period - Shot Misses the Net. 2:41 of 1st period - Shot by Filip Hronek. 2:41 of 1st period - Goal by Filip Hronek - UTAH ICE BEARS : 0 - OAKLAND GORILLAS : 2. 2:42 of 1st period - Cedric Paquette wins face-off versus Dominic Toninato in neutral zone. 2:51 of 1st period - Shot by Ryan Dzingel. 2:51 of 1st period - Stopped by Mitch Gillam without a rebound. 2:52 of 1st period - Ivan Barbashev wins face-off versus Dominic Toninato in UTAH ICE BEARS zone. 3:07 of 1st period - Shot by Ryan Hartman. 3:07 of 1st period - Stopped by Mitch Gillam without a rebound. 3:08 of 1st period - Cedric Paquette wins face-off versus Artem Anisimov in UTAH ICE BEARS zone. 3:15 of 1st period - Shot by Ryan Dzingel. 3:15 of 1st period - Shot Misses the Net. 3:17 of 1st period - Shot by John Moore. 3:17 of 1st period - Shot Misses the Net. 3:27 of 1st period - Shot by Jimmy Vesey. 3:27 of 1st period - Deflect By Ryan Dzingel. 3:27 of 1st period - Shot Blocked by T.J. Brodie. 3:35 of 1st period - Shot by Ryan Dzingel. 3:35 of 1st period - Shot Blocked by T.J. Brodie. 4:25 of 1st period - Shot by Sam Reinhart. 4:25 of 1st period - Stopped by Mitch Gillam with a rebound. 4:27 of 1st period - Shot by Sam Reinhart. 4:27 of 1st period - Shot Misses the Net. 6:04 of 1st period - Icing by Troy Stecher. 6:05 of 1st period - Alex Galchenyuk wins face-off versus Jimmy Vesey in UTAH ICE BEARS zone. 6:05 of 1st period - Troy Stecher is hit by Cedric Paquette and loses puck. 6:25 of 1st period - Minor Penalty to Erik Gudbranson for Roughing. 6:26 of 1st period - Artem Anisimov wins face-off versus Jimmy Vesey in OAKLAND GORILLAS zone. 6:27 of 1st period - Shot by Troy Stecher. 6:27 of 1st period - Shot Blocked by Samuel Girard. 6:29 of 1st period - Shot by Casey Mittelstadt. 6:29 of 1st period - Shot Misses the Net. 6:31 of 1st period - Shot by Artem Anisimov. 6:31 of 1st period - Shot Misses the Net. 6:33 of 1st period - Shot by Artem Anisimov. 6:33 of 1st period - Shot Misses the Net. 6:35 of 1st period - Shot by Artem Anisimov. 6:35 of 1st period - Shot Misses the Net. 7:15 of 1st period - Shot by T.J. Brodie. 7:15 of 1st period - Shot Blocked by John Moore. 7:17 of 1st period - Shot by T.J. Brodie. 7:17 of 1st period - Stopped by Robin Lehner with a rebound. 7:19 of 1st period - Shot by Jake Guentzel. 7:19 of 1st period - Shot Misses the Net. 7:21 of 1st period - Shot by T.J. Brodie. 7:21 of 1st period - Stopped by Robin Lehner without a rebound. 7:22 of 1st period - Ryan Dzingel wins face-off versus Dominic Toninato in OAKLAND GORILLAS zone. 7:28 of 1st period - Icing by Jake Guentzel. 7:29 of 1st period - Jimmy Vesey wins face-off versus Dominic Toninato in UTAH ICE BEARS zone. 7:58 of 1st period - Shot by Kevin Shattenkirk. 7:58 of 1st period - Stopped by Robin Lehner without a rebound. 7:59 of 1st period - Ryan Dzingel wins face-off versus Artem Anisimov in OAKLAND GORILLAS zone. 8:40 of 1st period - Shot by Zach Hyman. 8:40 of 1st period - Stopped by Robin Lehner without a rebound. 8:41 of 1st period - Ivan Barbashev wins face-off versus Dominic Toninato in OAKLAND GORILLAS zone. 9:52 of 1st period - Off-side. 9:53 of 1st period - Alex Galchenyuk wins face-off versus Cedric Paquette in neutral zone. 10:11 of 1st period - Icing by Erik Gudbranson. 10:12 of 1st period - Artem Anisimov wins face-off versus Cedric Paquette in OAKLAND GORILLAS zone. 10:45 of 1st period - Shot by Artem Anisimov. 10:45 of 1st period - Deflect By Greg Carey. 10:45 of 1st period - Stopped by Robin Lehner without a rebound. 10:46 of 1st period - Brady Tkachuk wins face-off versus Alex Galchenyuk in OAKLAND GORILLAS zone. 11:11 of 1st period - Shot by Nico Hischier. 11:11 of 1st period - Stopped by Mitch Gillam with a rebound. 11:13 of 1st period - Shot by Nico Hischier. 11:13 of 1st period - Deflect By Sam Reinhart. 11:13 of 1st period - Shot Blocked by T.J. Brodie. 11:15 of 1st period - Shot by Jonas Brodin. 11:15 of 1st period - Shot Misses the Net. 11:50 of 1st period - Icing by Kevin Shattenkirk. 11:51 of 1st period - Artem Anisimov wins face-off versus Wayne Simmonds in UTAH ICE BEARS zone. 11:51 of 1st period - MacKenzie Weegar is hit by Brandon Dubinsky. 12:12 of 1st period - Shot by Milan Lucic. 12:12 of 1st period - Stopped by Mitch Gillam without a rebound. 12:13 of 1st period - Cedric Paquette wins face-off versus Dominic Toninato in UTAH ICE BEARS zone. 12:35 of 1st period - Shot by Adam Mascherin. 12:35 of 1st period - Stopped by Robin Lehner without a rebound. 12:36 of 1st period - Alex Galchenyuk wins face-off versus Wayne Simmonds in OAKLAND GORILLAS zone. 13:48 of 1st period - Icing by Tim Heed. 13:49 of 1st period - Sam Reinhart wins face-off versus Dominic Toninato in UTAH ICE BEARS zone. 13:54 of 1st period - Shot by Nico Hischier. 13:54 of 1st period - Shot Misses the Net. 14:02 of 1st period - Shot by Brady Tkachuk. 14:02 of 1st period - Shot Misses the Net. 14:04 of 1st period - Shot by Jonas Brodin. 14:04 of 1st period - Stopped by Mitch Gillam without a rebound. 14:05 of 1st period - Artem Anisimov wins face-off versus Cedric Paquette in UTAH ICE BEARS zone. 14:43 of 1st period - Shot by Jimmy Vesey. 14:43 of 1st period - Shot Blocked by T.J. Brodie. 17:54 of 1st period - Icing by Artem Anisimov. 17:55 of 1st period - Artem Anisimov wins face-off versus Sam Reinhart in UTAH ICE BEARS zone. 18:04 of 1st period - Shot by Nico Hischier. 18:04 of 1st period - Stopped by Mitch Gillam without a rebound. 18:05 of 1st period - Dominic Toninato wins face-off versus Wayne Simmonds in UTAH ICE BEARS zone. 18:05 of 1st period - Andrew Mangiapane is hit by Milan Lucic and loses puck. 18:30 of 1st period - Shot by Milan Lucic. 18:30 of 1st period - Stopped by Mitch Gillam without a rebound. 18:31 of 1st period - Dominic Toninato wins face-off versus Sam Reinhart in UTAH ICE BEARS zone. 18:58 of 1st period - Shot by Brady Tkachuk. 18:58 of 1st period - Stopped by Mitch Gillam with a rebound. 19:07 of 1st period - Icing by Radim Simek. 19:08 of 1st period - Dominic Toninato wins face-off versus Cedric Paquette in UTAH ICE BEARS zone. 19:43 of 1st period - Off-side. 19:44 of 1st period - Artem Anisimov wins face-off versus Sam Reinhart in neutral zone. 19:49 of 1st period - Shot by Artem Anisimov. 19:49 of 1st period - Shot Blocked by Jonas Brodin. 19:51 of 1st period - Shot by Troy Stecher. 19:51 of 1st period - Shot Blocked by John Moore. 19:53 of 1st period - Shot by T.J. Brodie. 19:53 of 1st period - Stopped by Robin Lehner without a rebound. 19:54 of 1st period - Alex Galchenyuk wins face-off versus Sam Reinhart in OAKLAND GORILLAS zone. Goals for this period are 0 for UTAH ICE BEARS vs 2 for OAKLAND GORILLAS. Shots for this period are 7 for UTAH ICE BEARS vs 12 for OAKLAND GORILLAS. 2nd period 0:01 of 2nd period - Sam Reinhart wins face-off versus Dominic Toninato in neutral zone. 2:22 of 2nd period - Ivan Barbashev is hit by T.J. Brodie and loses puck. 2:42 of 2nd period - Icing by Ryan Hartman. 2:43 of 2nd period - Artem Anisimov wins face-off versus Ivan Barbashev in OAKLAND GORILLAS zone. 2:46 of 2nd period - Shot by Artem Anisimov. 2:46 of 2nd period - Shot Misses the Net. 2:48 of 2nd period - Shot by Artem Anisimov. 2:48 of 2nd period - Stopped by Robin Lehner without a rebound. 2:49 of 2nd period - Nico Hischier wins face-off versus Artem Anisimov in OAKLAND GORILLAS zone. 3:10 of 2nd period - Shot by Nico Hischier. 3:10 of 2nd period - Stopped by Mitch Gillam without a rebound. 3:11 of 2nd period - Wayne Simmonds wins face-off versus Dominic Toninato in UTAH ICE BEARS zone. 3:24 of 2nd period - T.J. Brodie is hit by Milan Lucic